 Dungeon Crawl Stone Soup version 0.27-a0-1065-ge809cff456 (webtiles) character file.

Game seed: 3683919398816727520

100 leviel the Covered (level 4, 0/60 HPs)
             Began as a Hill Orc Fighter on Apr 24, 2021.
             Slain by an iguana (3 damage)
             ... on level 4 of the Dungeon.
             The game lasted 00:02:47 (2523 turns).

leviel the Covered (Hill Orc Fighter)               Turns: 2523, Time: 00:02:48

Health: 0/60       AC: 22    Str: 19    XL:     4   Next: 74%
Magic:  4/4        EV:  2    Int:  8    God:
Gold:   200        SH:  9    Dex: 10    Spells: 3/3 levels left

rFire    . . .     SeeInvis .   a - +1 war axe
rCold    . . .     Faith    .   c - +0 kite shield
rNeg     + + +     Spirit   .   (armour currently unavailable)
rPois    +         Reflect  .   (helmet currently unavailable)
rElec    .         Harm     .   (cloak currently unavailable)
rCorr    .         Rampage  .   (gloves currently unavailable)
Will     +....     NoTele   +   (boots currently unavailable)
Stlth    +.........             (no amulet)
HPRegen  0.20/turn              f - ring of willpower
MPRegen  0.09/turn              (no ring)

@: mighty, lethally poisoned (0 -> -1), tree-form
A: stationary, stasis, torment immunity, boosted hp
a: no special abilities


You were on level 4 of the Dungeon.
You were a tree.
You visited 1 branch of the dungeon, and saw 4 of its levels.

You collected 200 gold pieces.

Inventory:

Hand Weapons
 a - a +1 war axe (weapon)
Armour
 b - a +0 scale mail (melded)
 c - a +0 kite shield (worn)
Jewellery
 f - a ring of willpower (left branch)
Wands
 m - a wand of acid (10)
Scrolls
 i - a scroll of identify
Potions
 e - 2 potions of resistance {unknown}
 h - a potion of attraction {unknown}
 j - 3 potions of degeneration {unknown}
 k - a potion of invisibility {unknown}
 l - a potion of heal wounds {unknown}
 n - a potion of curing {unknown}
 o - a potion of experience {unknown}


   Skills:
 - Level 3.9 Fighting
 - Level 2.6 Axes
 + Level 5.6 Armour
 - Level 3.4 Shields


You had 3 spell levels left.
You didn't know any spells.
Your spell library was empty.

Dungeon Overview and Level Annotations

Branches:
Dungeon (4/15)
 Temple: D:4-7

Altars:
Ashenzari


Message History

The slug dart hits you but does no damage.
You closely miss the jackal. You block the jackal's attack.
The jackal bites you. The dart slug launches a dart at you.
You block the slug dart.
The jackal bites you but does no damage.
You completely miss the jackal.
The iguana hisses menacingly.
The jackal bites you but does no damage.
The adder bites you.
You are poisoned.
The adder poisons you! You block the jackal's attack.
You slash the jackal!
You kill the jackal!
You completely miss the adder.
You feel very sick. You block the adder's attack. x2
You open the door.
You feel sick. The adder bites you but does no damage. The iguana bites you!
* * * LOW HITPOINT WARNING * * *
The adder bites you but does no damage.
Unknown command.
Really quaff the potion of lignification?
You turn into a tree.
Your +0 scale mail melds into your body.
Your roots penetrate the ground.
You feel sick. You block the iguana's attack.
The adder bites you but does no damage.
The dart slug bites you but does no damage.
You feel very mighty all of a sudden.
You feel sick. The iguana bites you.
* * * LOW HITPOINT WARNING * * *
The adder bites you but does no damage.
A ball python comes into view.
You slash the iguana!
The iguana is almost dead.
You closely miss the adder. You hit the dart slug.
You feel sick. The adder bites you but does no damage.
The iguana hisses menacingly.
The iguana bites you.
You die...

......###
........#
........#
.?......#...#
............#
#............#
#...w......S.#
#....(.....#♣#
..........wwl#
...........#.#
#...#......#
..#..........#.
.......<.........
..##.......S##.#..
###++.......#
#.......#


You could see an iguana, an adder, 2 dart slugs and a ball python.

Vanquished Creatures
  A scorpion zombie (D:3)
  2 adders (D:3)
  A worm (D:2)
  A dart slug (D:3)
  3 orcs (D:3)
  6 endoplasms
  2 giant cockroaches
  3 goblins
  4 hobgoblins
  6 jackals
  4 kobolds
  5 ball pythons
  6 bats
  2 frilled lizards (D:2)
  4 rats
50 creatures vanquished.

Notes
Turn   | Place    | Note
-------+----------+-------------------------------------------
     0 | D:1      | leviel the Hill Orc Fighter began the quest for the Orb.
     0 | D:1      | Reached XP level 1. HP: 19/19 MP: 1/1
   329 | D:1      | Reached XP level 2. HP: 27/27 MP: 2/2
   425 | D:1      | Found a faded altar of an unknown god.
   953 | D:2      | Reached skill level 4 in Armour
  1382 | D:2      | Reached XP level 3. HP: 31/33 MP: 3/3
  1574 | D:3      | Reached skill level 5 in Armour
  1574 | D:3      | Reached XP level 4. HP: 40/40 MP: 4/4
  2224 | D:3      | Found a broken altar of Ashenzari.
  2522 | D:4      | HP: 3/60 [iguana (4)]
  2523 | D:4      | Slain by an iguana

Illustrated notes

Levels and vault maps discovered:
D:1:      scummos_arrival_hexagon, layout_loops_cross,
          hellmonk_ecumenical_altar_zigzags
D:2:      layout_loops_cross, minmay_tromino_v4_c
D:3:      minmay_inner_zag, layout_basic, old_standard_altar
D:4:      lemuel_castle_with_subvaults [lemuel_castle_interior_original],
          layout_basic, nicolae_overflow_hidden_temple, kennysheep_doodads,
          uniq_robin

Skill      XL: |  1  2  3 |
---------------+----------+-----
Armour         | 4 5 |  5.6
Fighting       | |  3.9
Axes           | |  2.6
Shields        | |  3.4

Action                   |  1- 3 |  4- 6 || total
-------------------------+-------+-------++-------
Melee: War axe           |    62 |    56 ||   118
  Use: Scroll            |     6 |       ||     6
       Potion            |       |     2 ||     2
Armor: Scale mail        |    24 |    32 ||    56
       Skin              |       |     4 ||     4
Dodge: Dodged            |    14 |    25 ||    39
Block: Kite shield       |    29 |    46 ||    75

Table legend: (Time is in decaauts)
 A = Elapsed time spent in this place.
 B = Non-inter-level travel time spent in this place.
 C = Inter-level travel time spent in this place.
 D = Time resting spent in this place.
 E = Time spent auto-exploring this place.
 F = Levels seen in this place.
 G = Mean time per level.
                   A        B        C        D        E       F      G
               +--------+--------+--------+--------+--------+-----+--------+
         Total |   2592 |   2552 |     40 |    200 |   2005 |   4 |  648.0 |
       Dungeon |   2592 |   2552 |     40 |    200 |   2005 |   4 |  648.0 |
               +--------+--------+--------+--------+--------+-----+--------+

Top non-repeatable levels by time:
     D:3: 1109 daAuts
     D:2: 777 daAuts
     D:1: 680 daAuts
     D:4: 24 daAuts
